 Dungeon Crawl Stone Soup version 0.18-b1-18-g7758cf2 (webtiles) character file.

11508 otab the Carver (level 11, -6/99 HPs)
             Began as a Naga Fighter on May 2, 2016.
             Was an Elder of Nemelex Xobeh.
             Mangled by an ice beast (7 damage)
             ... summoned by an ice statue
             ... in an ice cave.
             The game lasted 00:27:28 (12189 turns).

otab the Carver (Naga Fighter)                     Turns: 12189, Time: 00:27:29

Health: -6/99      AC: 11    Str: 24    XL:     11   Next: 78%
Magic:  16/16      EV: 11    Int:  8    God:    Nemelex Xobeh [****..]
Gold:   118        SH: 11    Dex: 14    Spells: 0 memorised, 10 levels left

rFire  + . .     SeeInvis +     V - +1 falchion (flame)
rCold  . . .     Gourm    .     B - +1 ring mail of Responsibility {rF+}
rNeg   + + .     Faith    .     c - +0 shield
rPois  +         Spirit   .     (no helmet)
rElec  .         Dismiss  .     l - +1 cloak
rCorr  .         Reflect  .     L - +0 pair of gloves
SustAt .         Harm     .     (no barding)
MR     +....                    g - amulet of regeneration
Stlth  +.........               K - ring of positive energy
                                q - ring of positive energy

@: mighty, flying, very slow, somewhat resistant to hostile enchantments, very
unstealthy
A: see invisible, deformed body, poison resistance, slowness 2, slow metabolism
1, spit poison 2, AC +3
a: Spit Poison, Triple Draw, Deal Four, Renounce Religion


You were in an ice cave.
You worshipped Nemelex Xobeh.
Nemelex Xobeh was greatly pleased with you.
You were not hungry.

You visited 2 branches of the dungeon, and saw 12 of its levels.
You also visited: Sewer and Ice Cave.

You collected 738 gold pieces.
You spent 620 gold pieces at shops.

Inventory:

Hand Weapons
 V - a +1 falchion of flaming (weapon)
 X - a +0 scimitar
Armour
 c - a +0 shield (worn)
 l - a +1 cloak (worn)
 B - the +1 ring mail of Responsibility (worn) {rF+}
   (You bought it in a shop on level 5 of the Dungeon)

   It protects you from fire.
 G - a +0 leather armour of positive energy
 L - a +0 pair of gloves (worn)
Jewellery
 g - an amulet of regeneration (around neck)
 q - a ring of positive energy (left hand)
 w - an uncursed amulet of dismissal
 D - an uncursed ring of ice
 K - a ring of positive energy (right hand)
Wands
 F - a wand of flame (0/48)
 M - a wand of digging (10/24)
Scrolls
 b - a scroll of immolation {unknown}
 h - 3 scrolls of remove curse
 i - a scroll of holy word {unknown}
 k - a scroll of recharging
 o - 3 scrolls of blinking {unknown}
 p - a scroll of random uselessness {unknown}
 t - 3 scrolls of magic mapping
 u - 2 scrolls of enchant weapon
 y - a scroll of fog
 S - a scroll of amnesia {unknown}
 T - a scroll of teleportation {unknown}
Potions
 d - 2 potions of might
 e - a potion of ambrosia
 r - a potion of agility
 s - 8 potions of curing
 v - 2 potions of degeneration
 z - 4 potions of magic
 C - 4 potions of heal wounds
 P - a potion of lignification
Books
 O - a book of Beasts

   Spells                             Type                      Level
   a - Summon Butterflies             Summoning                    1
   b - Call Canine Familiar           Summoning                    3
   c - Summon Ice Beast               Ice/Summoning                4
   d - Summon Mana Viper              Hexes/Summoning              5
   e - Summon Hydra                   Summoning                    7
Miscellaneous
 a - an ornate deck of destruction
 E - a plain deck of war {drawn: 2}
 I - an ornate deck of destruction {drawn: 2}
 Q - a legendary deck of war {drawn: 2}
Comestibles
 f - 3 bread rations
 j - 17 fruits
 x - 5 meat rations
 A - 2 royal jellies
 W - 4 slices of pizza


   Skills:
 + Level 6.8 Fighting
 * Level 10.1 Long Blades
 + Level 5.7 Armour
 + Level 5.9 Dodging
 + Level 6.7 Shields
 * Level 7.7 Evocations


You had 10 spell levels left.
You didn't know any spells.

Dungeon Overview and Level Annotations

Branches:
Dungeon (11/15)            Temple (1/1) D:7            Lair (0/8) D:11
    Orc: D:9-12

Altars:
Ashenzari
Cheibriados
Dithmenos
Elyvilon
Fedhas
Gozag
Kikubaaqudgha
Makhleb
Nemelex Xobeh
Okawaru
Pakellas
Qazlal
Ru
Trog
Vehumet
Xom
Yredelemnul
Zin
The Shining One

Shops:
D:4 !*   D:5 [   D:7 :   D:8 [   D:9 ?   D:10 =

Annotations:
IceCv exclusion: ice statue


Innate Abilities, Weirdness & Mutations

You cannot wear boots.
Your serpentine skin is tough (AC +3).
You have supernaturally acute eyesight.
Armour fits poorly on your strangely shaped body.
Your system is resistant to poisons.
You cover ground very slowly.
You have a slow metabolism.
You can spit poison.


Message History

The ice beast hits you but does no damage.
The ice statue gestures at you. The bolt of cold misses you.
Drink which item? (? for menu, Esc to quit)
You feel much better.
You are engulfed in freezing vapours.
* * * LOW HITPOINT WARNING * * *
The ice beast hits you.
* * * LOW HITPOINT WARNING * * *
The ice beast freezes you!
* * * LOW HITPOINT WARNING * * *
Unknown command.
Unknown command.
Drink which item? (? for menu, Esc to quit)
You feel much better.
You are engulfed in freezing vapours.
* * * LOW HITPOINT WARNING * * *
The ice beast hits you.
* * * LOW HITPOINT WARNING * * *
The ice beast freezes you!
You die...
Your body glows with a rainbow of weird colours and disappears.

##### ##..†### ###
#....†.## ..
#..##...## #.
#...##...### .###
##..####..§####Y..##
#...####.§§§.@8...#
#....# #.§##§§.####
#∩..####..###..#
##..∩##..####..#
#####.)...#..##
##.#...### #######


You could see an ice statue and an ice beast.

Vanquished Creatures
  A hydra (D:10)
  3 hill giants (D:10)
  A troll (D:10)
  A polar bear (IceCv)
  6 yaks (D:10)
  2 hippogriffs
  Edmund (D:5)
  2 black bears (D:8)
  5 orc warriors
  2 sky beasts
  The ghost of otab the Skirmisher, an amateur NaFi (D:3)
  An eye of draining (D:10)
  11 ice beasts
  2 necrophages
  4 phantoms
  5 ogres
  4 wolves
  A centaur (D:7)
  A crocodile (D:11)
  The ghost of Chiseanne the Magician, an amateur DsWz (D:4)
  4 big kobolds (D:10)
  4 giant frogs
  3 scorpions
  4 wights (D:7)
  6 killer bees (D:10)
  A howler monkey (D:4)
  3 crimson imps
  3 hounds
  A quasit (D:9)
  A centaur zombie (D:4)
  4 jellies
  2 giant frog skeletons (D:4)
  10 orc priests
  4 centaur skeletons
  11 orc wizards
  5 iguanas
  A hell rat (D:7)
  A killer bee zombie (D:8)
  7 worker ants
  2 sheep (D:10)
  A hound zombie (D:9)
  A hound skeleton (D:5)
  A worker ant zombie (D:5)
  6 gnolls (D:5)
  11 adders
  3 shadow imps
  2 oozes
  An adder zombie (D:7)
  An adder skeleton (D:8)
  2 worms (D:2)
  A dart slug (D:2)
  4 giant geckos
  46 orcs
  5 ball pythons
  7 giant cockroaches
  8 goblins
  8 hobgoblins
  22 jackals
  24 kobolds
  7 quokkas
  11 bats
  9 giant newts
  A quokka skeleton (D:9)
  10 rats
  4 plants (Sewer)
328 creatures vanquished.

Vanquished Creatures (collateral kills)
  The ghost of nikopol the Spear-Bearer, a novice MiBe of Trog (D:9)
  A hill giant (D:11)
  A troll (D:11)
  Grinder (D:6)
  An orc warrior (D:6)
  A sky beast (D:5)
  A crocodile (D:11)
  An orc wizard (D:6)
  An adder (D:11)
  A river rat (D:11)
  An ooze (D:7)
  3 orcs
  A rat (D:11)
15 creatures vanquished.

Vanquished Creatures (others)
  10 fungi (D:11)
  A plant (D:11)
11 creatures vanquished.

Grand Total: 354 creatures vanquished

Notes
Turn   | Place    | Note
--------------------------------------------------------------
     0 | D:1      | otab the Naga Fighter began the quest for the Orb.
     0 | D:1      | Reached XP level 1. HP: 21/21 MP: 1/1
   270 | D:1      | Reached XP level 2. HP: 28/28 MP: 2/2
   424 | D:1      | Found a sparkling altar of Nemelex Xobeh.
   428 | D:1      | Became a worshipper of Nemelex Xobeh the Trickster
   436 | D:1      | Received a gift from Nemelex Xobeh
   781 | D:1      | Received a gift from Nemelex Xobeh
   805 | D:1      | Reached XP level 3. HP: 33/34 MP: 3/3
   993 | D:1      | Reached * piety under Nemelex Xobeh
  1193 | D:2      | Found a snail-covered altar of Cheibriados.
  1314 | D:2      | Reached XP level 4. HP: 42/42 MP: 4/4
  1617 | D:2      | Received a gift from Nemelex Xobeh
  1804 | D:2      | Found a shimmering altar of Xom.
  2070 | D:3      | Reached skill level 1 in Evocations
  2105 | D:3      | Reached ** piety under Nemelex Xobeh
  2206 | D:3      | Noticed otab's ghost (amateur NaFi)
  2299 | D:3      | Reached XP level 5. HP: 45/49 MP: 5/5
  2309 | D:3      | Killed otab's ghost
  2309 | D:3      | Reached skill level 3 in Long Blades
  2309 | D:3      | Reached skill level 1 in Dodging
  2453 | D:3      | Received a gift from Nemelex Xobeh
  2775 | D:3      | Reached XP level 6. HP: 49/56 MP: 7/7
  2819 | D:3      | Found a burning altar of Makhleb.
  2988 | D:4      | Found Iruhosed's General Store.
  3080 | D:4      | Noticed an orc warrior
  3098 | D:4      | Killed an orc warrior
  3103 | D:4      | Reached XP level 7. HP: 52/62 MP: 8/8
  3280 | D:4      | Noticed Chiseanne's ghost (amateur DsWz)
  3302 | D:4      | Killed Chiseanne's ghost
  3387 | D:4      | Reached skill level 4 in Long Blades
  3523 | D:4      | Found Ypawnof's Distillery.
  3531 | D:4      | Bought a potion of might for 40 gold pieces
  3531 | D:4      | Bought 2 potions of curing for 60 gold pieces
  3531 | D:4      | Bought a potion of curing for 30 gold pieces
  3612 | D:4      | Received a gift from Nemelex Xobeh
  3793 | D:5      | Entered Level 5 of the Dungeon
  3865 | D:5      | Found a glowing drain.
  3869 | Sewer    | Entered a sewer
  4707 | D:5      | Reached XP level 8. HP: 67/72 MP: 10/10
  4851 | D:5      | Found Vuha's Antique Armour Emporium.
  4873 | D:5      | Noticed Edmund
  4890 | D:5      | Killed Edmund
  4976 | D:5      | Reached skill level 5 in Long Blades
  5217 | D:5      | Reached *** piety under Nemelex Xobeh
  5322 | D:5      | Received a gift from Nemelex Xobeh
  6094 | D:6      | Noticed Grinder
  6109 | D:6      | Killed Grinder
  6109 | D:6      | Reached XP level 9. HP: 69/79 MP: 12/12
  6123 | D:6      | Reached skill level 6 in Long Blades
  7063 | D:5      | Bought an agate-encrusted ring mail for 234 gold pieces
  7073 | D:5      | Identified the +1 ring mail of Responsibility {rF+} (You bought it in a shop on level 5 of the Dungeon)
  7108 | D:7      | Found a staircase to the Ecumenical Temple.
  7155 | Temple   | Entered the Ecumenical Temple
  7191 | Temple   | Received a gift from Nemelex Xobeh
  7287 | D:7      | Reached skill level 5 in Shields
  7411 | D:7      | Found Xueffec's Book Shoppe.
  7503 | D:7      | Reached skill level 5 in Evocations
  7791 | D:7      | Found an oddly glowing altar of Pakellas.
  8164 | D:7      | Reached skill level 5 in Fighting
  8499 | D:7      | Found a white marble altar of Elyvilon.
  8502 | D:7      | Found an ancient bone altar of Kikubaaqudgha.
  8505 | D:7      | Found an iron altar of Okawaru.
  8527 | D:7      | Reached skill level 7 in Long Blades
  8733 | D:8      | Reached XP level 10. HP: 74/87 MP: 14/14
  8942 | D:8      | Gained mutation: You are resistant to electric shocks. [mutagenic meat]
  8943 | D:8      | Gained mutation: You have very sharp teeth. [mutagenic meat]
  8944 | D:8      | Gained mutation: You are dopey. (Int -2) [mutagenic meat]
  8945 | D:8      | Gained mutation: Your muscles are strong. (Str +2) [mutagenic meat]
  8991 | D:8      | Reached **** piety under Nemelex Xobeh
  9015 | D:8      | Received a gift from Nemelex Xobeh
  9067 | D:8      | Found Qutsaovi's Antique Armour Shoppe.
  9305 | D:9      | Found Qanoic's Magic Scroll Shop.
  9502 | D:9      | Received a gift from Nemelex Xobeh
  9681 | D:9      | Noticed nikopol's ghost (novice MiBe)
  9703 | D:9      | Killed nikopol's ghost
  9703 | D:9      | Reached skill level 5 in Armour
  9915 | D:10     | Entered Level 10 of the Dungeon
 10117 | D:10     | Found Qegroi's Jewellery Shoppe.
 10185 | D:10     | Reached skill level 8 in Long Blades
 10185 | D:10     | Reached skill level 5 in Dodging
 10253 | D:8      | Bought a distressingly furry large shield for 256 gold pieces
 10263 | D:8      | Identified the -4 large shield of the Rabble {*Confuse rF+ rCorr Stlth+} (You bought it in a shop on level 8 of the Dungeon)
 10458 | D:10     | Noticed a hill giant
 10466 | D:10     | Killed a hill giant
 10744 | D:10     | Noticed a three-headed hydra
 10748 | D:10     | Killed a one-headed hydra
 10748 | D:10     | Reached XP level 11. HP: 76/95 MP: 16/16
 10770 | D:10     | Reached skill level 9 in Long Blades
 10982 | D:10     | Noticed a hill giant
 10992 | D:10     | Killed a hill giant
 11342 | D:10     | Got a brightly glowing glaive
 11348 | D:10     | Identified the +8 glaive of otab's Dismemberment {freeze, Dex+3} (You found it on level 10 of the Dungeon)
 11408 | D:10     | Received a gift from Nemelex Xobeh
 11574 | D:10     | Noticed a hill giant
 11595 | D:10     | Killed a hill giant
 11845 | D:11     | Noticed a hill giant
 11853 | D:11     | Killed a hill giant
 11934 | D:11     | Found a frozen archway.
 11986 | IceCv    | Entered an ice cave
 12029 | IceCv    | Reached skill level 10 in Long Blades
 12167 | IceCv    | Gained mutation: You are partially covered in molten scales (AC +1). [potion of mutation]
 12167 | IceCv    | Lost mutation: Your muscles are strong. (Str +2) [potion of mutation]
 12168 | IceCv    | Gained mutation: You possess an exceptional clarity of mind. [potion of mutation]
 12168 | IceCv    | Gained mutation: You are very dopey. (Int -4) [potion of mutation]
 12168 | IceCv    | Gained mutation: You are frail (-10% HP). [potion of mutation]
 12169 | IceCv    | Lost mutation: You are frail (-10% HP). [potion of cure mutation]
 12169 | IceCv    | Lost mutation: You are very dopey. (Int -4) [potion of cure mutation]
 12169 | IceCv    | Lost mutation: You have very sharp teeth. [potion of cure mutation]
 12169 | IceCv    | Lost mutation: You are resistant to electric shocks. [potion of cure mutation]
 12169 | IceCv    | Lost mutation: You are partially covered in molten scales (AC +1). [potion of cure mutation]
 12169 | IceCv    | Lost mutation: You are dopey. (Int -2) [potion of cure mutation]
 12169 | IceCv    | Lost mutation: You possess an exceptional clarity of mind. [potion of cure mutation]
 12189 | IceCv    | HP: 3/99 [ice statue] (22)]
 12189 | IceCv    | HP: 1/99 [ice beast[an ice statue] (3)]
 12189 | IceCv    | Mangled by an ice beast

Skill      XL: |  1  2  3  4  5  6  7  8  9 10 11 |
---------------+----------------------------------+-----
Armour         | 3 4 5 |  5.7
Evocations     | 1 2 3 4 5 7 |  7.7
Long Blades    | 3 4 5 7 8 10 | 10.1
Dodging        | 1 2 3 4 5 |  5.9
Shields        | 3 4 5 6 |  6.7
Fighting       | 4 5 6 |  6.8

Action                   |  1- 3 |  4- 6 |  7- 9 | 10-12 || total
-------------------------+-------+-------+-------+-------++-------
Melee: Long sword        |    46 |       |   574 |       ||   620
       Short sword       |    68 |   149 |    87 |       ||   304
       Falchion          |       |       |    36 |   601 ||   637
       Bite              |       |       |       |    89 ||    89
 Abil: Spit Poison       |       |       |    10 |    15 ||    25
Evoke: Deck              |       |    12 |    21 |    15 ||    48
       Wand              |       |       |     1 |     3 ||     4
  Use: Scroll            |       |     5 |    10 |     2 ||    17
       Potion            |       |       |     1 |    10 ||    11
  Eat: Chunk             |     1 |     3 |    11 |    10 ||    25
       Royal jelly       |       |     1 |     1 |       ||     2
       Pizza             |       |       |     1 |     2 ||     3
       Beef jerky        |       |       |     1 |       ||     1
       Meat ration       |       |       |       |     1 ||     1
Armor: Scale mail        |    86 |    61 |    84 |       ||   231
       Leather armour    |       |       |    65 |       ||    65
       Ring mail         |       |       |    88 |   172 ||   260
Dodge: Dodged            |    33 |    25 |   215 |   194 ||   467
Block: Shield            |    69 |    80 |   315 |   299 ||   763
